 Dungeon Crawl Stone Soup version 0.21-a0-142-gdd972a7 (webtiles) character file.

1565 valhalheru the Skirmisher (level 8, -2/73 HPs)
             Began as a Hill Orc Fighter on July 23, 2017.
             Was an Initiate of Trog.
             Killed from afar by an orc wizard (8 damage)
             ... with a magic dart
             ... on level 5 of the Dungeon.
             The game lasted 00:13:20 (4385 turns).

valhalheru the Skirmisher (Hill Orc Fighter)        Turns: 4385, Time: 00:13:20

Health: -2/73      AC: 14    Str: 21    XL:     8   Next: 89%
Magic:  8/8        EV:  6    Int:  8    God:    Trog [......]
Gold:   420        SH: 10    Dex: 10    Spells: 7/7 levels left

rFire    . . .     SeeInvis .   r - +2 hand axe (chop)
rCold    . . .     Gourm    .   c - +0 shield
rNeg     . . .     Faith    .   i - +0 chain mail
rPois    +         Spirit   .   a - +0 helmet
rElec    .         Reflect  .   s - +0 cloak
rCorr    .         Harm     .   q - +0 pair of gloves
MR       .....                  (no boots)
Stlth    ..........             (no amulet)
HPRegen  0.22/turn              b - ring of poison resistance
MPRegen  0.11/turn              (no ring)

@: slowed, very slow
A: no striking features
a: Burn Spellbooks, Renounce Religion


You were on level 5 of the Dungeon.
You worshipped Trog.
Trog was noncommittal.
You were not hungry.

You visited 2 branches of the dungeon, and saw 6 of its levels.

You collected 420 gold pieces.

Inventory:

Hand Weapons
 r - a +2 hand axe of chopping (weapon)
 w - a +0 war axe
Missiles
 k - 103 stones
 y - 9 sling bullets (quivered)
Armour
 a - a +0 helmet (worn)
 c - a +0 shield (worn)
 i - a +0 chain mail (worn)
 q - a +0 pair of gloves (worn)
 s - a +0 cloak (worn)
Jewellery
 b - a ring of poison resistance (left hand)
Wands
 n - a wand of digging (12/24)
Scrolls
 g - 2 scrolls of teleportation
 h - 2 scrolls of enchant armour {unknown}
 o - a scroll of identify
 t - a scroll of random uselessness {unknown}
 x - a scroll of remove curse {unknown}
Potions
 d - 2 potions of might
 e - 2 potions of curing
 j - 3 potions of agility
 m - 3 potions of resistance
 p - 2 potions of haste
 z - 2 potions of degeneration {unknown}
Comestibles
 f - 4 bread rations
 l - a chunk of flesh
 u - 9 fruits
 v - 2 meat rations


   Skills:
 * Level 7.6 Fighting
   Level 3.2 Short Blades
 * Level 5.9 Axes
 + Level 3.2 Throwing
 * Level 6.8 Armour
 + Level 5.1 Shields


You had 7 spell levels left.
You didn't know any spells.

Dungeon Overview and Level Annotations

Branches:
Dungeon (5/15)             Temple (1/1) D:5

Altars:
Ashenzari
Cheibriados
Dithmenos
Fedhas
Gozag
Hepliaklqana
Makhleb
Nemelex Xobeh
Okawaru
Qazlal
Ru
Trog
Uskayaw
Vehumet
Wu Jian
Xom
The Shining One


Message History

The orc wizard casts a spell at you. The magic dart hits you!
The orc priest hits you with a short sword.
* * * LOW HITPOINT WARNING * * *
You slash the orc priest!
You kill the orc priest!
Trog accepts your kill.
You barely miss the orc wizard. You block the orc wizard's attack.
The orc wizard points at you and mumbles some strange words.
The magic dart hits you!
* * * LOW HITPOINT WARNING * * *
You closely miss the orc wizard.
The orc wizard is almost dead.
The orc wizard gestures wildly while chanting.
The orc wizard blinks!
You closely miss the orc wizard.
The orc wizard is almost dead.
The orc wizard points at you and mumbles some strange words.
The magic dart hits you!
You die...

##......# ## #...<...
.# .#...(#.## # .#
.....(.. .# .#
#.....##.### .#
#..(.......
.#############.))(..#.#
...............o@....?#
##.##########.......###
....# ##.......#####.
...... ...............>
##..###
########.####### #....#
#..# ##...# ##.##
.....#### ###### #..#
#.......###≈≈≈≈## #..#


You could see an orc wizard.

Vanquished Creatures
  The ghost of Warped the Magician, a novice DEVM of Ashenzari (D:5)
  Sigmund (D:3)
  The ghost of SmilinJack the Poker, an amateur DsAK of Lugonu (D:4)
  Duvessa (D:5)
  A phantom (D:4)
  2 ogres
  Dowan (D:5)
  A scorpion (D:4)
  A crimson imp (D:5)
  An orc priest (D:5)
  2 hounds
  A centaur skeleton (D:5)
  An orc wizard (D:4)
  2 iguanas
  4 worker ants
  3 adders
  6 gnolls (D:5)
  4 adder skeletons
  3 worms
  A dart slug (D:3)
  3 leopard geckos
  7 orcs
  5 giant cockroaches
  2 goblins
  6 hobgoblins
  11 jackals
  6 quokkas (D:4)
  A ball python (D:2)
  5 bats
  4 frilled lizards
  6 kobolds
  A quokka skeleton (D:4)
  8 rats
103 creatures vanquished.

Notes
Turn   | Place    | Note
-------+----------+-------------------------------------------
     0 | D:1      | valhalheru the Hill Orc Fighter began the quest for the Orb.
     0 | D:1      | Reached XP level 1. HP: 19/19 MP: 1/1
   174 | D:1      | Reached XP level 2. HP: 27/27 MP: 2/2
   553 | D:2      | Reached skill level 4 in Fighting
   664 | D:2      | Reached XP level 3. HP: 33/33 MP: 3/3
   679 | D:2      | You fall through a shaft for 2 floors!
   727 | D:4      | Reached XP level 4. HP: 26/40 MP: 4/4
   948 | D:4      | Noticed an ogre
   962 | D:4      | Killed an ogre
   962 | D:4      | Reached XP level 5. HP: 16/47 MP: 5/5
  1194 | D:4      | Noticed a phantom
  1216 | D:4      | Killed a phantom
  1216 | D:4      | Reached skill level 5 in Fighting
  1216 | D:4      | Reached skill level 1 in Axes
  1216 | D:4      | Reached skill level 1 in Throwing
  1216 | D:4      | Reached XP level 6. HP: 46/56 MP: 6/6
  1982 | D:2      | Reached skill level 5 in Armour
  1987 | D:2      | Found an ornate altar of the Wu Jian Council.
  2295 | D:3      | Found a shadowy altar of Dithmenos.
  2758 | D:3      | Found a blossoming altar of Fedhas.
  2932 | D:3      | Noticed Sigmund
  2962 | D:3      | Killed Sigmund
  2962 | D:3      | Reached XP level 7. HP: 54/62 MP: 7/7
  3180 | D:4      | Reached skill level 6 in Fighting
  3238 | D:4      | Noticed SmilinJack's ghost (amateur DsAK)
  3252 | D:4      | Killed SmilinJack's ghost
  3489 | D:5      | Entered Level 5 of the Dungeon
  3500 | D:5      | Noticed Warped's ghost (novice DEVM)
  3519 | D:5      | Killed Warped's ghost
  3519 | D:5      | Reached XP level 8. HP: 53/71 MP: 8/8
  3540 | D:5      | Reached skill level 7 in Fighting
  3752 | D:5      | Noticed Duvessa
  3771 | D:5      | Killed Duvessa
  3771 | D:5      | Reached skill level 5 in Axes
  3778 | D:5      | Noticed Dowan
  3798 | D:5      | Killed Dowan
  3798 | D:5      | Reached skill level 5 in Shields
  3992 | D:5      | Found a staircase to the Ecumenical Temple.
  4043 | Temple   | Entered the Ecumenical Temple
  4241 | Temple   | Became a worshipper of Trog the Wrathful
  4385 | D:5      | Killed from afar by an orc wizard

Vault maps used:
D:1:      scummos_arrival_checkerplants
D:2:      overflow_temple_1_default
D:3:      fedhas_altar_1, nicolae_dithmenos_through_a_glass_darkly, uniq_sigmund
D:4:      first_bread
D:5:      cheibrodos_helix_gallery, kennysheep_mini_moat, uniq_duvessa,
          uniq_crazy_yiuf_cottage, uniq_grinder
Temple:   eino_narrow_crystal_temple

Skill      XL: |  1  2  3  4  5  6  7  8 |
---------------+-------------------------+-----
Fighting       | 4 5 6 7 |  7.6
Short Blades   | 3 |  3.2
Armour         | 4 5 6 |  6.8
Axes           | 1 3 4 5 |  5.9
Throwing       | 1 2 3 |  3.2
Shields        | 4 5 |  5.1

Action                   |  1- 3 |  4- 6 |  7- 9 || total
-------------------------+-------+-------+-------++-------
Melee: Rapier            |    86 |    16 |       ||   102
       Hand axe          |       |   131 |   155 ||   286
Throw: Stone             |       |    21 |    47 ||    68
  Use: Scroll            |       |     4 |     4 ||     8
       Potion            |       |       |     1 ||     1
  Eat: Royal jelly       |       |     1 |       ||     1
       Chunk             |       |     5 |     4 ||     9
       Fruit             |       |       |     1 ||     1
Armor: Scale mail        |    29 |     2 |       ||    31
       Chain mail        |       |    47 |    78 ||   125
Dodge: Dodged            |    23 |    22 |    33 ||    78
Block: Shield            |    31 |    55 |    85 ||   171
